Chicago Black Hawks vs Minnesota North Stars (R1)

Created - Sunday, May 18, 2025 at 07:30

Goals
1 2 3 T
Chicago Black Hawks 1 2 0 3
Minnesota North Stars 0 2 0 2
Shots
1 2 3 T
Chicago Black Hawks 11 13 11 35
Minnesota North Stars 16 7 14 37

1st period

1. Chicago Black Hawks , Urho Vaakanainen 2 (Vincent Desharnais 12, Noah Cates 5) at 6:34

Penalties :
Cole Sillinger (CHI) for Tripping (Minor) at 9:03, Trevor Zegras (CHI) for Tripping (Minor) at 19:00

2nd period

2. Minnesota North Stars , Ivan Barbashev 9 (Alexander Kerfoot 13, Logan Thompson) at 6:07
3. Minnesota North Stars , Evgeni Malkin 25 (Jonathan Marchessault 26, Ryan Nugent-Hopkins 29) at 7:44
4. Chicago Black Hawks , Joseph Veleno 21 (Bobby Brink 7) at 10:23
5. Chicago Black Hawks , Jack Drury 6 (Noah Cates 6) at 15:44

Penalties :
Vincent Desharnais (CHI) for Tripping (Minor) at 1:40, Gustav Forsling (MNS) for Tripping (Minor) at 10:50, Evgeni Malkin (MNS) for Tripping (Minor) at 16:13

3rd period

No Goal

Penalties :
Urho Vaakanainen (CHI) for Holding (Minor) at 1:15, Erik Cernak (MNS) for Goalie Interference (Minor) at 18:30

Goalie Stats

Alexandar Georgiev (CHI), 35 saves from 37 shots - (0.946), W, 17-19-1, 60:00 minutes
Logan Thompson (MNS), 32 saves from 35 shots - (0.914), L, 26-13-6, 60:00 minutes

Players Stats for Chicago Black Hawks

Player Name              G  A  P  +/- PIM S  H  SB GA TA FO     MP     PP MP  PK MP  
------------------------------------------------------------------------------------
Barrett Hayton           0  0  0  -1  0   1  0  0  0  0  0/0    13:30   0:00   1:07 
Bobby Brink              0  1  1  -1  0   3  1  0  0  0  0/0    11:53   0:00   0:00 
Caleb Jones              0  0  0   0  0   1  1  1  0  0  0/0    11:53   0:00   0:00 
Claude Giroux            0  0  0   1  0   3  2  1  2  2  10/26  25:14   2:55   3:42 
Cole Sillinger           0  0  0   0  2   3  1  0  0  0  6/15   18:29   2:32   2:53 
Colton Sissons           0  0  0   0  0   1  3  1  0  0  3/3    19:22   2:55   3:37 
David Jiricek            0  0  0   0  0   0  0  0  0  0  0/0    14:18   0:00   2:34 
Jack Drury               1  0  1   2  0   3  0  0  0  0  5/8     7:50   0:00   0:00 
Jakob Pelletier          0  0  0   1  0   1  0  0  0  0  1/2     2:55   0:00   0:00 
Joseph Veleno            1  0  1  -1  0   2  0  0  0  0  4/8    11:58   0:00   0:05 
Justin Faulk             0  0  0  -2  0   1  1  0  0  2  0/0    25:52   2:44   3:30 
Leo Carlsson             0  0  0   0  0   3  2  0  0  0  0/0    15:31   2:32   0:00 
Lucas Raymond            0  0  0   0  0   5  4  0  0  1  0/2    20:13   2:55   3:53 
Noah Cates               0  2  2   2  0   2  0  0  0  0  0/1     7:50   0:00   0:00 
Simon Nemec              0  0  0  -2  0   0  1  1  0  0  0/0    25:47   2:44   3:30 
Trevor Zegras            0  0  0   0  2   2  4  0  0  0  0/0    17:10   2:32   0:35 
Urho Vaakanainen         1  0  1   3  2   2  1  1  1  0  0/0    21:14   2:43   3:16 
Vincent Desharnais       0  1  1   3  2   2  1  1  0  1  0/0    21:01   2:43   3:02 

Players Stats for Minnesota North Stars

Player Name              G  A  P  +/- PIM S  H  SB GA TA FO     MP     PP MP  PK MP  
------------------------------------------------------------------------------------
Alexander Kerfoot        0  1  1   0  0   0  2  1  0  0  1/1     8:47   0:00   0:00 
Brock Nelson             0  0  0  -1  0   5  0  0  1  2  0/0    12:48   0:00   0:00 
Cam York                 0  0  0  -1  0   0  3  1  0  0  0/0    20:27   4:05   0:00 
Dylan DeMelo             0  0  0  -1  0   0  0  1  0  0  0/0    19:23   0:00   3:07 
Erik Cernak              0  0  0   1  2   1  3  2  0  0  0/0    17:56   0:00   2:13 
Evan Rodrigues           0  0  0   0  0   0  0  0  0  0  1/1     8:47   0:00   0:00 
Evgeni Malkin            1  0  1   0  2   4  0  0  0  0  6/13   15:47   3:54   0:07 
Frank Vatrano            0  0  0   0  0   1  1  1  0  0  0/1    17:12   4:02   0:00 
Gustav Forsling          0  0  0  -1  2   3  0  1  0  0  0/0    20:26   3:51   1:57 
Ivan Barbashev           1  0  1   0  0   4  1  0  0  0  0/0     8:47   0:00   0:00 
Jack Hughes              0  0  0   0  0   1  0  0  1  0  10/17  17:30   3:54   0:00 
Jonathan Marchessault    0  1  1   0  0   3  0  0  0  0  0/0    15:00   3:54   0:07 
Lawson Crouse            0  0  0  -1  0   2  0  0  1  0  0/1    16:07   0:00   2:34 
Neal Pionk               0  0  0  -1  0   1  1  4  0  0  0/0    20:45   3:49   2:20 
Rasmus Dahlin            0  0  0   1  0   1  2  0  0  0  0/0    21:09   4:07   1:17 
Ryan Nugent-Hopkins      0  1  1   0  0   7  0  2  0  0  0/0    13:55   0:00   2:46 
Valeri Nichushkin        0  0  0   0  0   3  2  1  2  1  0/2    20:03   4:02   2:46 
William Karlsson         0  0  0  -1  0   1  0  0  1  0  18/29  19:41   4:02   2:34 

3 Stars

1 - Alexandar Georgiev (CHI)
2 - Urho Vaakanainen (CHI)
3 - Noah Cates (CHI)

Power Play

Chicago Black Hawks - 0 on 3 Attempt(s) - 0.00%
Minnesota North Stars - 0 on 4 Attempt(s) - 0.00%

Penalty Kill

Chicago Black Hawks - 4 on 4 Attempt(s) - 100.00% - Score 0 goal in Penalty Kill
Minnesota North Stars - 3 on 3 Attempt(s) - 100.00% - Score 0 goal in Penalty Kill

Team Stat

Chicago Black Hawks - Hits : 22 - Faceoff Wins : 29 - Blocked Shots : 6 - Penalty Minutes : 8
Minnesota North Stars - Hits : 15 - Faceoff Wins : 36 - Blocked Shots : 14 - Penalty Minutes : 6

Official

Referees : Jake Brenk and Jon Mcisaac
Linesman : Bryan Pancich and Ryan Jackson

Game Notes

16:23 of 3rd period - Minnesota North Stars goal is going for a video replay. After video review, No Goal. The goal has been scored and an ineligible player is on the ice.

Finance

Level 1 -- Attendance: 4987 (83.12%) -- Ticket Income $498,700
Level 2 -- Attendance: 4157 (83.14%) -- Ticket Income $249,420
Level 3 -- Attendance: 2219 (73.97%) -- Ticket Income $77,665
Level 4 -- Attendance: 4126 (82.52%) -- Ticket Income $103,150
Luxury Box -- Attendance: 866 (86.60%) -- Ticket Income $173,200
Game was played at the Met Center.
Total Attendance: 16355 (81.78%)
Total Ticket Income: $1,102,135
Other Income: $385,747
Total Income: $1,487,882

Chicago Black Hawks

5 vs 5 Forward 
   Center                   Left Wing                Right Wing               Time % Phy DF OF 
 1 Claude Giroux            Lucas Raymond            Colton Sissons           30     1   2  2  
 2 Cole Sillinger           Trevor Zegras            Leo Carlsson             30     1   2  2  
 3 Joseph Veleno            Barrett Hayton           Bobby Brink              25     1   2  2  
 4 Jack Drury               Noah Cates               Claude Giroux            15     1   2  2  

5 vs 5 Defense 
   Defense                  Defense                                           Time % Phy DF OF 
 1 Justin Faulk             Simon Nemec                                       30     1   2  2  
 2 Urho Vaakanainen         Vincent Desharnais                                30     1   2  2  
 3 Caleb Jones              David Jiricek                                     25     1   2  2  
 4 Justin Faulk             Simon Nemec                                       15     1   2  2  

PowerPlay Forward 
   Center                   Left Wing                Right Wing               Time % Phy DF OF 
 1 Claude Giroux            Lucas Raymond            Colton Sissons           50     1   2  2  
 2 Cole Sillinger           Trevor Zegras            Leo Carlsson             50     1   2  2  

PowerPlay Defense
   Defense                  Defense                                           Time % Phy DF OF 
 1 Justin Faulk             Simon Nemec                                       50     1   2  2  
 2 Urho Vaakanainen         Vincent Desharnais                                50     1   2  2  

Penalty Kill 4 Players Forward 
   Center                   Wing                     Time % Phy DF OF 
 1 Claude Giroux            Lucas Raymond            50     1   2  2  
 2 Colton Sissons           Cole Sillinger           50     1   2  2  

Penalty Kill 4 Players Defense
   Defense                  Defense                  Time % Phy DF OF 
 1 Justin Faulk             Simon Nemec              50     1   2  2  
 2 Urho Vaakanainen         Vincent Desharnais       50     1   2  2  

Penalty Kill - 3 Players Forward 
   Forward                                           Time % Phy DF OF 
 1 Claude Giroux                                     50     1   2  2  
 2 Lucas Raymond                                     50     1   2  2  

Penalty Kill - 3 Players Defense
   Defense                  Defense                  Time % Phy DF OF 
 1 Justin Faulk             Simon Nemec              50     1   2  2  
 2 Urho Vaakanainen         Vincent Desharnais       50     1   2  2  

4 vs 4 Forward 
   Center                   Wing                     Time % Phy DF OF 
 1 Claude Giroux            Lucas Raymond            50     1   2  2  
 2 Colton Sissons           Cole Sillinger           50     1   2  2  

4 vs 4 Defense
   Defense                  Defense                  Time % Phy DF OF 
 1 Justin Faulk             Simon Nemec              50     1   2  2  
 2 Urho Vaakanainen         Vincent Desharnais       50     1   2  2  

Last Minutes Offensive
   Center                   Left Wing                Right Wing               Defense                  Defense                  
   Claude Giroux            Lucas Raymond            Colton Sissons           Justin Faulk             Simon Nemec              

Last Minutes Defensive
   Center                   Left Wing                Right Wing               Defense                  Defense                  
   Claude Giroux            Lucas Raymond            Colton Sissons           Justin Faulk             Simon Nemec              

Goaltenders
Starting : Alexandar Georgiev       
Backup : Adin Hill                

Extra Forwards
Normal : Jakob Pelletier, Joseph Veleno, Barrett Hayton - PP : Jakob Pelletier, Joseph Veleno - PK : Barrett Hayton
Extra Defensemen
Normal : Caleb Jones, David Jiricek, Urho Vaakanainen - PP : Caleb Jones - PK : David Jiricek, Urho Vaakanainen
Penalty Shots
Claude Giroux, Lucas Raymond, Colton Sissons, Cole Sillinger, Trevor Zegras

Scratches
Brett Howden (Healthy), Jon Merrill (Healthy), Shane Wright (Healthy), Antonio Stranges (Healthy), Filip Gustavsson (Healthy)

Minnesota North Stars

5 vs 5 Forward 
   Center                   Left Wing                Right Wing               Time % Phy DF OF 
 1 Jack Hughes              Valeri Nichushkin        Frank Vatrano            30     0   1  4  
 2 Evgeni Malkin            Ryan Nugent-Hopkins      Jonathan Marchessault    30     0   1  4  
 3 William Karlsson         Brock Nelson             Lawson Crouse            30     0   2  3  
 4 Alexander Kerfoot        Evan Rodrigues           Ivan Barbashev           10     0   2  3  

5 vs 5 Defense 
   Defense                  Defense                                           Time % Phy DF OF 
 1 Rasmus Dahlin            Erik Cernak                                       34     0   4  1  
 2 Gustav Forsling          Neal Pionk                                        33     0   4  1  
 3 Cam York                 Dylan DeMelo                                      33     0   4  1  
 4 Rasmus Dahlin            Neal Pionk                                        0      1   2  2  

PowerPlay Forward 
   Center                   Left Wing                Right Wing               Time % Phy DF OF 
 1 William Karlsson         Valeri Nichushkin        Frank Vatrano            50     0   0  5  
 2 Evgeni Malkin            Jack Hughes              Jonathan Marchessault    50     0   0  5  

PowerPlay Defense
   Defense                  Defense                                           Time % Phy DF OF 
 1 Rasmus Dahlin            Gustav Forsling                                   50     0   2  3  
 2 Cam York                 Neal Pionk                                        50     0   2  3  

Penalty Kill 4 Players Forward 
   Center                   Wing                     Time % Phy DF OF 
 1 William Karlsson         Lawson Crouse            50     0   5  0  
 2 Valeri Nichushkin        Ryan Nugent-Hopkins      50     0   5  0  

Penalty Kill 4 Players Defense
   Defense                  Defense                  Time % Phy DF OF 
 1 Erik Cernak              Dylan DeMelo             50     0   5  0  
 2 Neal Pionk               Gustav Forsling          50     0   5  0  

Penalty Kill - 3 Players Forward 
   Forward                                           Time % Phy DF OF 
 1 William Karlsson                                  50     0   5  0  
 2 Jack Hughes                                       50     0   5  0  

Penalty Kill - 3 Players Defense
   Defense                  Defense                  Time % Phy DF OF 
 1 Erik Cernak              Dylan DeMelo             50     0   5  0  
 2 Neal Pionk               Gustav Forsling          50     0   5  0  

4 vs 4 Forward 
   Center                   Wing                     Time % Phy DF OF 
 1 William Karlsson         Valeri Nichushkin        50     0   2  3  
 2 Evgeni Malkin            Jack Hughes              50     0   1  4  

4 vs 4 Defense
   Defense                  Defense                  Time % Phy DF OF 
 1 Rasmus Dahlin            Neal Pionk               50     0   4  1  
 2 Gustav Forsling          Cam York                 50     0   4  1  

Last Minutes Offensive
   Center                   Left Wing                Right Wing               Defense                  Defense                  
   William Karlsson         Jack Hughes              Frank Vatrano            Rasmus Dahlin            Neal Pionk               

Last Minutes Defensive
   Center                   Left Wing                Right Wing               Defense                  Defense                  
   William Karlsson         Lawson Crouse            Frank Vatrano            Erik Cernak              Gustav Forsling          

Goaltenders
Starting : Logan Thompson           
Backup : Charlie Lindgren         

Extra Forwards
Normal : Brock Nelson, Ryan Nugent-Hopkins, William Karlsson - PP : Brock Nelson, Ryan Nugent-Hopkins - PK : William Karlsson
Extra Defensemen
Normal : Cam York, Dylan DeMelo, Gustav Forsling - PP : Cam York - PK : Dylan DeMelo, Gustav Forsling
Penalty Shots
Neal Pionk, Ryan Nugent-Hopkins, William Karlsson, Rasmus Dahlin, Valeri Nichushkin

Scratches
Michael Rasmussen (Healthy), Jonas Brodin (Healthy), Matt Roy (Healthy)

% Time on Ice - Chicago Black Hawks

Lines # - Real PCT - Wanted PCT - Time Play
Normal Forward
1 - 29% - 30% - 13:29
2 - 29% - 30% - 13:25
3 - 25% - 25% - 11:53
4 - 17% - 15% - 7:50
Normal Defense
1 - 30% - 30% - 14:04
2 - 33% - 30% - 15:13
3 - 25% - 25% - 11:53
4 - 12% - 15% - 5:27
PP Forward
1 - 54% - 50% - 2:55
2 - 46% - 50% - 2:32
PP Defense
1 - 50% - 50% - 2:44
2 - 50% - 50% - 2:43
PK Forward
1 - 47% - 50% - 3:45
2 - 53% - 50% - 4:11
PK Defense
1 - 44% - 50% - 3:30
2 - 56% - 50% - 4:26
PK3 Forward
1 - 0% - 50%
2 - 0% - 50%
PK3 Defense
1 - 0% - 50%
2 - 0% - 50%
44 Forward
1 - 0% - 50%
2 - 0% - 50%
44 Defense
1 - 0% - 50%
2 - 0% - 50%
Last Minute Offensive  - 0:00
Last Minute Defensive  - 0:00
Total
Forward - 60:00
Defense - 60:00

% Time on Ice - Minnesota North Stars

Lines # - Real PCT - Wanted PCT - Time Play
Normal Forward
1 - 30% - 30% - 13:58
2 - 24% - 30% - 11:07
3 - 27% - 30% - 12:45
4 - 19% - 10% - 8:47
Normal Defense
1 - 35% - 34% - 16:22
2 - 32% - 33% - 14:47
3 - 33% - 33% - 15:28
4 - 0% - 0% - 0:00
PP Forward
1 - 51% - 50% - 4:02
2 - 49% - 50% - 3:54
PP Defense
1 - 52% - 50% - 4:07
2 - 48% - 50% - 3:49
PK Forward
1 - 49% - 50% - 2:41
2 - 51% - 50% - 2:46
PK Defense
1 - 57% - 50% - 3:07
2 - 43% - 50% - 2:20
PK3 Forward
1 - 0% - 50%
2 - 0% - 50%
PK3 Defense
1 - 0% - 50%
2 - 0% - 50%
44 Forward
1 - 0% - 50%
2 - 0% - 50%
44 Defense
1 - 0% - 50%
2 - 0% - 50%
Last Minute Offensive  - 0:00
Last Minute Defensive  - 0:00
Total
Forward - 60:00
Defense - 60:00

Play-by-Play

1st period


0:01 of 1st period - Jack Hughes wins face-off versus Claude Giroux in neutral zone.
0:26 of 1st period - Simon Nemec is hit by Erik Cernak and loses puck.
1:01 of 1st period - Wrist shot by Jonathan Marchessault.
1:01 of 1st period - Stopped by Alexandar Georgiev with a rebound.
1:03 of 1st period - Snap shot by Ryan Nugent-Hopkins.
1:03 of 1st period - Stopped by Alexandar Georgiev without a rebound.
1:04 of 1st period - William Karlsson wins face-off versus Jack Drury in Chicago Black Hawks zone.
1:15 of 1st period - Snap shot by Brock Nelson.
1:15 of 1st period - Stopped by Alexandar Georgiev without a rebound.
1:16 of 1st period - William Karlsson wins face-off versus Cole Sillinger in Chicago Black Hawks zone.
1:17 of 1st period - Slapshot by Brock Nelson.
1:17 of 1st period - Shot Misses the Net.
1:19 of 1st period - Slapshot by Lawson Crouse.
1:19 of 1st period - Shot Misses the Net.
1:45 of 1st period - Snap shot by Lucas Raymond.
1:45 of 1st period - Shot Misses the Net.
3:08 of 1st period - Slapshot by Brock Nelson.
3:08 of 1st period - Stopped by Alexandar Georgiev with a rebound.
3:10 of 1st period - Wrist shot by Rasmus Dahlin.
3:10 of 1st period - Shot Misses the Net.
3:12 of 1st period - Slapshot by Rasmus Dahlin.
3:12 of 1st period - Shot Misses the Net.
3:14 of 1st period - Slapshot by Erik Cernak.
3:14 of 1st period - Stopped by Alexandar Georgiev with a rebound.
3:16 of 1st period - Wrist shot by Brock Nelson.
3:16 of 1st period - Stopped by Alexandar Georgiev without a rebound.
3:17 of 1st period - Jack Hughes wins face-off versus Claude Giroux in Chicago Black Hawks zone.
3:22 of 1st period - Wrist shot by Valeri Nichushkin.
3:22 of 1st period - Deflect By Jack Hughes.
3:22 of 1st period - Shot Misses the Net.
3:22 of 1st period - Puck is out of play.
3:23 of 1st period - Jack Hughes wins face-off versus Claude Giroux in Chicago Black Hawks zone.
3:53 of 1st period - Slapshot by Cole Sillinger.
3:53 of 1st period - Shot Blocked by Cam York.
4:15 of 1st period - Snap shot by Bobby Brink.
4:15 of 1st period - Shot Blocked by Neal Pionk.
4:17 of 1st period - Snap shot by Simon Nemec.
4:17 of 1st period - Deflect By Joseph Veleno.
4:17 of 1st period - Stopped by Logan Thompson with a rebound.
4:19 of 1st period - Slapshot by Justin Faulk.
4:19 of 1st period - Deflect By Gustav Forsling.
4:19 of 1st period - Stopped by Logan Thompson without a rebound.
4:20 of 1st period - Jack Hughes wins face-off versus Joseph Veleno in Minnesota North Stars zone.
4:30 of 1st period - Slapshot by Bobby Brink.
4:30 of 1st period - Shot Misses the Net.
4:41 of 1st period - Slapshot by Bobby Brink.
4:41 of 1st period - Stopped by Logan Thompson without a rebound.
4:42 of 1st period - William Karlsson wins face-off versus Claude Giroux in Minnesota North Stars zone.
4:42 of 1st period - William Karlsson is hit by Colton Sissons.
4:56 of 1st period - Snap shot by William Karlsson.
4:56 of 1st period - Shot Misses the Net.
4:58 of 1st period - Slapshot by Lawson Crouse.
4:58 of 1st period - Stopped by Alexandar Georgiev with a rebound.
5:20 of 1st period - Snap shot by Cole Sillinger.
5:20 of 1st period - Stopped by Logan Thompson without a rebound.
5:21 of 1st period - Jack Hughes wins face-off versus Jack Drury in Minnesota North Stars zone.
5:34 of 1st period - Wrist shot by Claude Giroux.
5:34 of 1st period - Deflect By Jack Drury.
5:34 of 1st period - Shot Misses the Net.
5:34 of 1st period - Puck is out of play.
5:35 of 1st period - William Karlsson wins face-off versus Claude Giroux in Minnesota North Stars zone.
5:43 of 1st period - Off-side.
5:44 of 1st period - William Karlsson wins face-off versus Claude Giroux in neutral zone.
5:58 of 1st period - Off-side.
5:59 of 1st period - Jack Drury wins face-off versus Frank Vatrano in neutral zone.
6:08 of 1st period - Snap shot by Claude Giroux.
6:08 of 1st period - Deflect By Noah Cates.
6:08 of 1st period - Shot Blocked by Dylan DeMelo.
6:08 of 1st period - Puck is out of play.
6:09 of 1st period - Jack Hughes wins face-off versus Noah Cates in Minnesota North Stars zone.
6:16 of 1st period - Snap shot by Jack Hughes.
6:16 of 1st period - Shot Blocked by Claude Giroux.
6:28 of 1st period - Wrist shot by Jack Drury.
6:28 of 1st period - Stopped by Logan Thompson with a rebound.
6:30 of 1st period - Slapshot by Noah Cates.
6:30 of 1st period - Stopped by Logan Thompson with a rebound.
6:32 of 1st period - Slapshot by Vincent Desharnais.
6:32 of 1st period - Shot Blocked by Frank Vatrano.
6:34 of 1st period - Slapshot by Urho Vaakanainen.
6:34 of 1st period - Goal by Urho Vaakanainen - Chicago Black Hawks : 1 - Minnesota North Stars : 0.
6:35 of 1st period - Evgeni Malkin wins face-off versus Cole Sillinger in neutral zone.
6:42 of 1st period - Wrist shot by Evgeni Malkin.
6:42 of 1st period - Shot Misses the Net.
6:44 of 1st period - Slapshot by Rasmus Dahlin.
6:44 of 1st period - Stopped by Alexandar Georgiev without a rebound.
6:45 of 1st period - Evgeni Malkin wins face-off versus Cole Sillinger in Chicago Black Hawks zone.
7:24 of 1st period - Snap shot by Jonathan Marchessault.
7:24 of 1st period - Stopped by Alexandar Georgiev with a rebound.
7:26 of 1st period - Wrist shot by Evgeni Malkin.
7:26 of 1st period - Shot Misses the Net.
7:28 of 1st period - Slapshot by Rasmus Dahlin.
7:28 of 1st period - Deflect By Jonathan Marchessault.
7:28 of 1st period - Stopped by Alexandar Georgiev without a rebound.
7:29 of 1st period - William Karlsson wins face-off versus Lucas Raymond in Chicago Black Hawks zone.
8:00 of 1st period - Neal Pionk is hit by Bobby Brink and loses puck.
8:44 of 1st period - Snap shot by Jonathan Marchessault.
8:44 of 1st period - Shot Misses the Net.
8:46 of 1st period - Slapshot by Gustav Forsling.
8:46 of 1st period - Stopped by Alexandar Georgiev with a rebound.
9:03 of 1st period - Minor Penalty to Cole Sillinger for Tripping.
9:04 of 1st period - William Karlsson wins face-off versus Lucas Raymond in Chicago Black Hawks zone.
9:30 of 1st period - Rasmus Dahlin is hit by Justin Faulk and loses puck.
11:03 of 1st period - Penalty to Cole Sillinger is over, Cole Sillinger is back on ice.
11:09 of 1st period - Wrist shot by Barrett Hayton.
11:09 of 1st period - Shot Misses the Net.
11:25 of 1st period - Slapshot by Barrett Hayton.
11:25 of 1st period - Deflect By Neal Pionk.
11:25 of 1st period - Shot Misses the Net.
11:25 of 1st period - Puck is out of play.
11:26 of 1st period - Evan Rodrigues wins face-off versus Jack Drury in Minnesota North Stars zone.
12:17 of 1st period - Snap shot by Claude Giroux.
12:17 of 1st period - Shot Misses the Net.
12:19 of 1st period - Snap shot by Claude Giroux.
12:19 of 1st period - Stopped by Logan Thompson with a rebound.
12:29 of 1st period - Cole Sillinger is hit by Ivan Barbashev and loses puck.
13:16 of 1st period - Off-side.
13:17 of 1st period - William Karlsson wins face-off versus Jakob Pelletier in neutral zone.
13:19 of 1st period - Off-side.
13:20 of 1st period - Jakob Pelletier wins face-off versus William Karlsson in neutral zone.
13:22 of 1st period - Off-side.
13:23 of 1st period - Claude Giroux wins face-off versus Jack Hughes in neutral zone.
14:15 of 1st period - Wrist shot by Cole Sillinger.
14:15 of 1st period - Shot Misses the Net.
14:51 of 1st period - Snap shot by Jack Hughes.
14:51 of 1st period - Shot Misses the Net.
15:07 of 1st period - Wrist shot by Lawson Crouse.
15:07 of 1st period - Shot Blocked by Urho Vaakanainen.
15:33 of 1st period - Snap shot by Trevor Zegras.
15:33 of 1st period - Shot Misses the Net.
16:19 of 1st period - Snap shot by Ivan Barbashev.
16:19 of 1st period - Stopped by Alexandar Georgiev without a rebound.
16:20 of 1st period - Cole Sillinger wins face-off versus William Karlsson in Chicago Black Hawks zone.
16:25 of 1st period - Wrist shot by Trevor Zegras.
16:25 of 1st period - Stopped by Logan Thompson without a rebound.
16:26 of 1st period - Cole Sillinger wins face-off versus William Karlsson in Minnesota North Stars zone.
17:22 of 1st period - Snap shot by Ryan Nugent-Hopkins.
17:22 of 1st period - Stopped by Alexandar Georgiev without a rebound.
17:23 of 1st period - William Karlsson wins face-off versus Cole Sillinger in Chicago Black Hawks zone.
17:53 of 1st period - Wrist shot by Ryan Nugent-Hopkins.
17:53 of 1st period - Stopped by Alexandar Georgiev without a rebound.
17:54 of 1st period - Jack Hughes wins face-off versus Claude Giroux in Chicago Black Hawks zone.
18:23 of 1st period - Snap shot by Barrett Hayton.
18:23 of 1st period - Shot Misses the Net.
18:25 of 1st period - Slapshot by Barrett Hayton.
18:25 of 1st period - Shot Misses the Net.
18:44 of 1st period - Snap shot by Cole Sillinger.
18:44 of 1st period - Stopped by Logan Thompson with a rebound.
19:00 of 1st period - Minor Penalty to Trevor Zegras for Tripping.
19:01 of 1st period - Claude Giroux wins face-off versus Jack Hughes in Chicago Black Hawks zone.
19:16 of 1st period - Wrist shot by Claude Giroux.
19:16 of 1st period - Deflect By Lucas Raymond.
19:16 of 1st period - Stopped by Logan Thompson without a rebound.
19:17 of 1st period - Colton Sissons wins face-off versus William Karlsson in Minnesota North Stars zone.
19:24 of 1st period - Wrist shot by Valeri Nichushkin.
19:24 of 1st period - Shot Misses the Net.
19:26 of 1st period - Slapshot by Valeri Nichushkin.
19:26 of 1st period - Stopped by Alexandar Georgiev with a rebound.
19:28 of 1st period - Wrist shot by Valeri Nichushkin.
19:28 of 1st period - Stopped by Alexandar Georgiev with a rebound.
19:55 of 1st period - Icing by Frank Vatrano.
19:56 of 1st period - Claude Giroux wins face-off versus William Karlsson in Minnesota North Stars zone.
Goals for this period are 1 for Chicago Black Hawks vs 0 for Minnesota North Stars.
Shots for this period are 11 for Chicago Black Hawks vs 16 for Minnesota North Stars.

2nd period


0:01 of 2nd period - Evgeni Malkin wins face-off versus Claude Giroux in neutral zone.
0:26 of 2nd period - Cam York is hit by Urho Vaakanainen and loses puck.
1:00 of 2nd period - Penalty to Trevor Zegras is over, Trevor Zegras is back on ice.
1:26 of 2nd period - Trevor Zegras is hit by Alexander Kerfoot and loses puck.
1:37 of 2nd period - Wrist shot by Ivan Barbashev.
1:37 of 2nd period - Stopped by Alexandar Georgiev without a rebound.
1:38 of 2nd period - Joseph Veleno wins face-off versus Jack Hughes in Chicago Black Hawks zone.
1:40 of 2nd period - Minor Penalty to Vincent Desharnais for Tripping.
1:41 of 2nd period - Colton Sissons wins face-off versus Evgeni Malkin in Chicago Black Hawks zone.
1:53 of 2nd period - Snap shot by Colton Sissons.
1:53 of 2nd period - Stopped by Logan Thompson without a rebound.
1:54 of 2nd period - Claude Giroux wins face-off versus Evgeni Malkin in Minnesota North Stars zone.
2:21 of 2nd period - Urho Vaakanainen is hit by Valeri Nichushkin and loses puck.
2:44 of 2nd period - Snap shot by Lucas Raymond.
2:44 of 2nd period - Stopped by Logan Thompson with a rebound.
3:40 of 2nd period - Penalty to Vincent Desharnais is over, Vincent Desharnais is back on ice.
3:49 of 2nd period - Barrett Hayton is hit by Alexander Kerfoot and loses puck.
4:25 of 2nd period - Cam York is hit by Cole Sillinger and loses puck.
5:34 of 2nd period - Urho Vaakanainen is hit by Erik Cernak and loses puck.
5:51 of 2nd period - Wrist shot by Cole Sillinger.
5:51 of 2nd period - Shot Blocked by Alexander Kerfoot.
6:07 of 2nd period - Snap shot by Ivan Barbashev.
6:07 of 2nd period - Goal by Ivan Barbashev - Chicago Black Hawks : 1 - Minnesota North Stars : 1.
6:08 of 2nd period - Claude Giroux wins face-off versus Evgeni Malkin in neutral zone.
6:13 of 2nd period - Wrist shot by Colton Sissons.
6:13 of 2nd period - Shot Blocked by Ryan Nugent-Hopkins.
6:15 of 2nd period - Wrist shot by Claude Giroux.
6:15 of 2nd period - Shot Misses the Net.
6:39 of 2nd period - Slapshot by Jack Hughes.
6:39 of 2nd period - Shot Misses the Net.
6:41 of 2nd period - Snap shot by Jack Hughes.
6:41 of 2nd period - Stopped by Alexandar Georgiev without a rebound.
6:42 of 2nd period - Jack Hughes wins face-off versus Cole Sillinger in Chicago Black Hawks zone.
7:21 of 2nd period - Rasmus Dahlin is hit by Lucas Raymond and loses puck.
7:42 of 2nd period - Snap shot by Jonathan Marchessault.
7:42 of 2nd period - Shot Misses the Net.
7:44 of 2nd period - Snap shot by Evgeni Malkin.
7:44 of 2nd period - Goal by Evgeni Malkin - Chicago Black Hawks : 1 - Minnesota North Stars : 2.
7:45 of 2nd period - Claude Giroux wins face-off versus William Karlsson in neutral zone.
7:51 of 2nd period - Off-side.
7:52 of 2nd period - William Karlsson wins face-off versus Claude Giroux in neutral zone.
7:56 of 2nd period - Off-side.
7:57 of 2nd period - Claude Giroux wins face-off versus Evgeni Malkin in neutral zone.
8:23 of 2nd period - Snap shot by Jack Hughes.
8:23 of 2nd period - Shot Misses the Net.
8:33 of 2nd period - Wrist shot by Claude Giroux.
8:33 of 2nd period - Stopped by Logan Thompson without a rebound.
8:34 of 2nd period - Cole Sillinger wins face-off versus William Karlsson in Minnesota North Stars zone.
8:49 of 2nd period - Wrist shot by Trevor Zegras.
8:49 of 2nd period - Stopped by Logan Thompson without a rebound.
8:50 of 2nd period - Evgeni Malkin wins face-off versus Joseph Veleno in Minnesota North Stars zone.
9:04 of 2nd period - Snap shot by Ryan Nugent-Hopkins.
9:04 of 2nd period - Stopped by Alexandar Georgiev with a rebound.
9:06 of 2nd period - Slapshot by Ryan Nugent-Hopkins.
9:06 of 2nd period - Stopped by Alexandar Georgiev with a rebound.
9:16 of 2nd period - Lawson Crouse is hit by Trevor Zegras and loses puck.
10:23 of 2nd period - Wrist shot by Joseph Veleno.
10:23 of 2nd period - Goal by Joseph Veleno - Chicago Black Hawks : 2 - Minnesota North Stars : 2.
10:24 of 2nd period - William Karlsson wins face-off versus Cole Sillinger in neutral zone.
10:37 of 2nd period - Slapshot by Lawson Crouse.
10:37 of 2nd period - Stopped by Alexandar Georgiev with a rebound.
10:50 of 2nd period - Minor Penalty to Gustav Forsling for Tripping.
10:51 of 2nd period - William Karlsson wins face-off versus Claude Giroux in Minnesota North Stars zone.
10:57 of 2nd period - Icing by Lucas Raymond.
10:58 of 2nd period - Claude Giroux wins face-off versus Valeri Nichushkin in Chicago Black Hawks zone.
10:58 of 2nd period - Claude Giroux is hit by Erik Cernak.
11:24 of 2nd period - Snap shot by Trevor Zegras.
11:24 of 2nd period - Shot Blocked by Erik Cernak.
11:34 of 2nd period - Wrist shot by Trevor Zegras.
11:34 of 2nd period - Shot Blocked by Ryan Nugent-Hopkins.
12:44 of 2nd period - William Karlsson is hit by Claude Giroux and loses puck.
12:50 of 2nd period - Penalty to Gustav Forsling is over, Gustav Forsling is back on ice.
13:05 of 2nd period - Slapshot by Ivan Barbashev.
13:05 of 2nd period - Shot Misses the Net.
13:50 of 2nd period - Urho Vaakanainen is hit by Cam York and loses puck.
14:57 of 2nd period - Caleb Jones is hit by Rasmus Dahlin and loses puck.
15:14 of 2nd period - Slapshot by Jonathan Marchessault.
15:14 of 2nd period - Shot Blocked by Caleb Jones.
15:26 of 2nd period - Snap shot by Trevor Zegras.
15:26 of 2nd period - Shot Hit the Post.
15:28 of 2nd period - Snap shot by Caleb Jones.
15:28 of 2nd period - Deflect By Alexander Kerfoot.
15:28 of 2nd period - Stopped by Logan Thompson with a rebound.
15:30 of 2nd period - Snap shot by Noah Cates.
15:30 of 2nd period - Stopped by Logan Thompson without a rebound.
15:31 of 2nd period - Jack Drury wins face-off versus William Karlsson in Minnesota North Stars zone.
15:42 of 2nd period - Snap shot by Jack Drury.
15:42 of 2nd period - Stopped by Logan Thompson with a rebound.
15:44 of 2nd period - Snap shot by Jack Drury.
15:44 of 2nd period - Goal by Jack Drury - Chicago Black Hawks : 3 - Minnesota North Stars : 2.
15:45 of 2nd period - Jack Hughes wins face-off versus Claude Giroux in neutral zone.
16:13 of 2nd period - Minor Penalty to Evgeni Malkin for Tripping.
16:14 of 2nd period - William Karlsson wins face-off versus Cole Sillinger in Minnesota North Stars zone.
16:23 of 2nd period - Wrist shot by Urho Vaakanainen.
16:23 of 2nd period - Stopped by Logan Thompson with a rebound.
16:25 of 2nd period - Slapshot by Vincent Desharnais.
16:25 of 2nd period - Shot Blocked by Valeri Nichushkin.
16:27 of 2nd period - Slapshot by Vincent Desharnais.
16:27 of 2nd period - Shot Blocked by Neal Pionk.
18:00 of 2nd period - Erik Cernak is hit by Lucas Raymond and loses puck.
18:13 of 2nd period - Penalty to Evgeni Malkin is over, Evgeni Malkin is back on ice.
18:17 of 2nd period - Wrist shot by Barrett Hayton.
18:17 of 2nd period - Shot Misses the Net.
19:00 of 2nd period - Icing by Simon Nemec.
19:01 of 2nd period - Jack Drury wins face-off versus Jack Hughes in Chicago Black Hawks zone.
19:17 of 2nd period - Snap shot by Jack Drury.
19:17 of 2nd period - Deflect By Jakob Pelletier.
19:17 of 2nd period - Stopped by Logan Thompson without a rebound.
19:18 of 2nd period - Alexander Kerfoot wins face-off versus Claude Giroux in Minnesota North Stars zone.
19:18 of 2nd period - Alexander Kerfoot is hit by Colton Sissons.
19:51 of 2nd period - Snap shot by Trevor Zegras.
19:51 of 2nd period - Shot Blocked by Neal Pionk.
19:53 of 2nd period - Wrist shot by Vincent Desharnais.
19:53 of 2nd period - Stopped by Logan Thompson with a rebound.
19:55 of 2nd period - Snap shot by Cole Sillinger.
19:55 of 2nd period - Shot Blocked by Neal Pionk.
19:57 of 2nd period - Snap shot by Leo Carlsson.
19:57 of 2nd period - Stopped by Logan Thompson with a rebound.
Goals for this period are 2 for Chicago Black Hawks vs 2 for Minnesota North Stars.
Shots for this period are 13 for Chicago Black Hawks vs 7 for Minnesota North Stars.

3rd period


0:01 of 3rd period - William Karlsson wins face-off versus Claude Giroux in neutral zone.
0:04 of 3rd period - Slapshot by Brock Nelson.
0:04 of 3rd period - Stopped by Alexandar Georgiev with a rebound.
0:12 of 3rd period - Dylan DeMelo is hit by Lucas Raymond and loses puck.
0:40 of 3rd period - Justin Faulk is hit by Frank Vatrano and loses puck.
0:53 of 3rd period - Erik Cernak is hit by Simon Nemec and loses puck.
1:15 of 3rd period - Minor Penalty to Urho Vaakanainen for Holding.
1:16 of 3rd period - Colton Sissons wins face-off versus Jack Hughes in Chicago Black Hawks zone.
1:16 of 3rd period - Colton Sissons is hit by Cam York.
1:48 of 3rd period - Snap shot by Valeri Nichushkin.
1:48 of 3rd period - Stopped by Alexandar Georgiev with a rebound.
1:50 of 3rd period - Slapshot by Gustav Forsling.
1:50 of 3rd period - Shot Blocked by Vincent Desharnais.
3:15 of 3rd period - Penalty to Urho Vaakanainen is over, Urho Vaakanainen is back on ice.
3:27 of 3rd period - Snap shot by Alexander Kerfoot.
3:27 of 3rd period - Shot Misses the Net.
3:54 of 3rd period - Ryan Nugent-Hopkins is hit by Vincent Desharnais and loses puck.
4:46 of 3rd period - Evan Rodrigues is hit by Trevor Zegras and loses puck.
5:52 of 3rd period - Cole Sillinger is hit by Rasmus Dahlin and loses puck.
6:22 of 3rd period - Dylan DeMelo is hit by Trevor Zegras and loses puck.
6:33 of 3rd period - Wrist shot by Trevor Zegras.
6:33 of 3rd period - Shot Misses the Net.
6:35 of 3rd period - Wrist shot by Cole Sillinger.
6:35 of 3rd period - Stopped by Logan Thompson without a rebound.
6:36 of 3rd period - Evgeni Malkin wins face-off versus Claude Giroux in Minnesota North Stars zone.
6:36 of 3rd period - Evgeni Malkin is hit by Caleb Jones.
6:50 of 3rd period - Wrist shot by Ryan Nugent-Hopkins.
6:50 of 3rd period - Stopped by Alexandar Georgiev with a rebound.
6:52 of 3rd period - Snap shot by Ryan Nugent-Hopkins.
6:52 of 3rd period - Stopped by Alexandar Georgiev with a rebound.
7:11 of 3rd period - Wrist shot by Bobby Brink.
7:11 of 3rd period - Stopped by Logan Thompson with a rebound.
7:27 of 3rd period - Jack Drury is hit by Valeri Nichushkin and loses puck.
8:08 of 3rd period - Snap shot by Claude Giroux.
8:08 of 3rd period - Shot Blocked by Erik Cernak.
8:10 of 3rd period - Slapshot by Simon Nemec.
8:10 of 3rd period - Shot Misses the Net.
8:12 of 3rd period - Wrist shot by Claude Giroux.
8:12 of 3rd period - Stopped by Logan Thompson without a rebound.
8:13 of 3rd period - Evgeni Malkin wins face-off versus Joseph Veleno in Minnesota North Stars zone.
8:38 of 3rd period - Cole Sillinger is hit by Cam York and loses puck.
9:13 of 3rd period - Caleb Jones is hit by Neal Pionk and loses puck.
9:52 of 3rd period - Snap shot by Lucas Raymond.
9:52 of 3rd period - Stopped by Logan Thompson with a rebound.
9:54 of 3rd period - Slapshot by David Jiricek.
9:54 of 3rd period - Shot Misses the Net.
10:35 of 3rd period - Wrist shot by Ivan Barbashev.
10:35 of 3rd period - Stopped by Alexandar Georgiev without a rebound.
10:36 of 3rd period - Jack Drury wins face-off versus Evgeni Malkin in Chicago Black Hawks zone.
10:41 of 3rd period - Snap shot by Evgeni Malkin.
10:41 of 3rd period - Stopped by Alexandar Georgiev with a rebound.
10:43 of 3rd period - Wrist shot by Evgeni Malkin.
10:43 of 3rd period - Stopped by Alexandar Georgiev with a rebound.
10:45 of 3rd period - Snap shot by Neal Pionk.
10:45 of 3rd period - Stopped by Alexandar Georgiev with a rebound.
10:47 of 3rd period - Snap shot by Evgeni Malkin.
10:47 of 3rd period - Stopped by Alexandar Georgiev with a rebound.
10:49 of 3rd period - Slapshot by Gustav Forsling.
10:49 of 3rd period - Stopped by Alexandar Georgiev without a rebound.
10:50 of 3rd period - Cole Sillinger wins face-off versus William Karlsson in Chicago Black Hawks zone.
10:59 of 3rd period - Wrist shot by Brock Nelson.
10:59 of 3rd period - Stopped by Alexandar Georgiev with a rebound.
12:00 of 3rd period - Wrist shot by Evan Rodrigues.
12:00 of 3rd period - Shot Misses the Net.
12:02 of 3rd period - Slapshot by Gustav Forsling.
12:02 of 3rd period - Stopped by Alexandar Georgiev without a rebound.
12:03 of 3rd period - Cole Sillinger wins face-off versus Evgeni Malkin in Chicago Black Hawks zone.
12:14 of 3rd period - Snap shot by Leo Carlsson.
12:14 of 3rd period - Stopped by Logan Thompson with a rebound.
12:30 of 3rd period - Lawson Crouse is hit by Lucas Raymond and loses puck.
12:34 of 3rd period - Icing by William Karlsson.
12:35 of 3rd period - William Karlsson wins face-off versus Claude Giroux in Minnesota North Stars zone.
12:46 of 3rd period - Dylan DeMelo is hit by Claude Giroux.
13:00 of 3rd period - Wrist shot by Evgeni Malkin.
13:00 of 3rd period - Deflect By Trevor Zegras.
13:00 of 3rd period - Shot Blocked by Simon Nemec.
13:00 of 3rd period - Puck is out of play.
13:01 of 3rd period - Cole Sillinger wins face-off versus Evgeni Malkin in Chicago Black Hawks zone.
13:08 of 3rd period - Erik Cernak is hit by Leo Carlsson.
13:14 of 3rd period - Snap shot by Jonathan Marchessault.
13:14 of 3rd period - Shot Misses the Net.
13:20 of 3rd period - Evgeni Malkin is hit by Leo Carlsson and loses puck.
13:30 of 3rd period - Icing by Leo Carlsson.
13:31 of 3rd period - William Karlsson wins face-off versus Cole Sillinger in Chicago Black Hawks zone.
13:36 of 3rd period - Wrist shot by Brock Nelson.
13:36 of 3rd period - Shot Misses the Net.
13:58 of 3rd period - Wrist shot by Lucas Raymond.
13:58 of 3rd period - Stopped by Logan Thompson without a rebound.
13:59 of 3rd period - Jack Hughes wins face-off versus Claude Giroux in Minnesota North Stars zone.
14:04 of 3rd period - Erik Cernak is hit by Colton Sissons and loses puck.
14:40 of 3rd period - Wrist shot by Frank Vatrano.
14:40 of 3rd period - Stopped by Alexandar Georgiev with a rebound.
14:42 of 3rd period - Snap shot by Frank Vatrano.
14:42 of 3rd period - Shot Blocked by Colton Sissons.
15:52 of 3rd period - Snap shot by Jack Hughes.
15:52 of 3rd period - Deflect By Lucas Raymond.
15:52 of 3rd period - Shot Misses the Net.
15:52 of 3rd period - Puck is out of play.
15:53 of 3rd period - Joseph Veleno wins face-off versus William Karlsson in Chicago Black Hawks zone.
16:02 of 3rd period - Slapshot by Bobby Brink.
16:02 of 3rd period - Stopped by Logan Thompson without a rebound.
16:03 of 3rd period - Joseph Veleno wins face-off versus Lawson Crouse in Minnesota North Stars zone.
16:11 of 3rd period - Backhand shot by Barrett Hayton.
16:11 of 3rd period - Shot Blocked by Gustav Forsling.
16:13 of 3rd period - Slapshot by Vincent Desharnais.
16:13 of 3rd period - Stopped by Logan Thompson without a rebound.
16:14 of 3rd period - Joseph Veleno wins face-off versus William Karlsson in Minnesota North Stars zone.
16:21 of 3rd period - Snap shot by Brock Nelson.
16:21 of 3rd period - Shot Misses the Net.
16:23 of 3rd period - Backhand shot by William Karlsson.
16:23 of 3rd period - Minnesota North Stars goal is going for a video replay.
16:23 of 3rd period - The goal is refused. The goal has been scored and an ineligible player is on the ice..
16:24 of 3rd period - William Karlsson wins face-off versus Joseph Veleno in Chicago Black Hawks zone.
17:13 of 3rd period - Wrist shot by Joseph Veleno.
17:13 of 3rd period - Shot Misses the Net.
17:25 of 3rd period - Snap shot by Barrett Hayton.
17:25 of 3rd period - Stopped by Logan Thompson with a rebound.
17:42 of 3rd period - Off-side.
17:43 of 3rd period - Jack Drury wins face-off versus Valeri Nichushkin in neutral zone.
18:10 of 3rd period - Ryan Nugent-Hopkins is hit by Trevor Zegras and loses puck.
18:19 of 3rd period - Snap shot by Leo Carlsson.
18:19 of 3rd period - Stopped by Logan Thompson without a rebound.
18:20 of 3rd period - Claude Giroux wins face-off versus Jack Hughes in Minnesota North Stars zone.
18:21 of 3rd period - Wrist shot by Lucas Raymond.
18:21 of 3rd period - Stopped by Logan Thompson without a rebound.
18:22 of 3rd period - Claude Giroux wins face-off versus Jack Hughes in Minnesota North Stars zone.
18:30 of 3rd period - Minor Penalty to Erik Cernak for Goalie Interference.
18:31 of 3rd period - William Karlsson wins face-off versus Cole Sillinger in Minnesota North Stars zone.
Goals for this period are 0 for Chicago Black Hawks vs 0 for Minnesota North Stars.
Shots for this period are 11 for Chicago Black Hawks vs 14 for Minnesota North Stars.